MWL (24 & UNDER)
BEMIDJI BENDERS @ ERIE JAXX
08/04/2025
 
TOP OF THE 1ST
Bemidji Benders batting - Pitching for Erie Jaxx : LHP Jerry Martin
Pitching: LHP Jerry Martin
Batting: RHB Nick Harris 0-0: Ball
1-0: Ball
2-0: Called Strike
2-1: DOUBLE (Groundball, 3D)
Batting: RHB Ken McDonald 0-0: Called Strike
0-1: DOUBLE (Line Drive, 78D)
Nick Harris scores
Batting: SHB Dave Henley 0-0: Ground out 5-3 (Groundball, 5S)
Ken McDonald to third
Batting: SHB Conan Hanson 0-0: Called Strike
0-1: Swinging Strike
0-2: Ball
1-2: Ball
2-2: Ball
3-2: Base on Balls
Batting: RHB Ramón Padilla 0-0: Ball
1-0: Called Strike
1-1: Grounds into double play, 6-4-3 (Groundball, 6)
Top of the 1st over - 1 run(s), 2 hit(s), 0 error(s), 1 left on base; Bemidji 1 - Erie 0
BOTTOM OF THE 1ST
Erie Jaxx batting - Pitching for Bemidji Benders : LHP Michael Miller
Pitching: LHP Michael Miller
Batting: RHB Luis Fuentes 0-0: Ball
1-0: SINGLE (Flyball, 7S)
Batting: LHB Dave Cook 0-0: SINGLE (Groundball, 4MD) (infield hit)
Luis Fuentes to second
Batting: RHB Raúl Bruno 0-0: Ball
1-0: Fly out, F3 (Popup, 3D)
Batting: LHB Ron Crawford 0-0: Ball
1-0: Ball
2-0: Ball
3-0: Base on Balls
Luis Fuentes to third
Dave Cook to second
Batting: LHB Mike Pearson 0-0: Ball
1-0: Ball
2-0: Ball
3-0: Base on Balls
Luis Fuentes scores
Dave Cook to third
Ron Crawford to second
Batting: RHB Steve Clifton 0-0: Ball
1-0: Ball
2-0: Called Strike
2-1: Foul Ball, location: 2F
2-2: Strikes out swinging
Batting: SHB Ben Marks 0-0: Swinging Strike
0-1: Foul Ball, location: 2F
0-2: Strikes out looking
Bottom of the 1st over - 1 run(s), 2 hit(s), 0 error(s), 3 left on base; Bemidji 1 - Erie 1
TOP OF THE 2ND
Bemidji Benders batting - Pitching for Erie Jaxx : LHP Jerry Martin
Batting: LHB Todd Anderson 0-0: Ball
1-0: Called Strike
1-1: Foul Ball, location: 2F
1-2: SINGLE (Line Drive, 34D)
Batting: SHB José Velásquez 0-0: Ball
1-0: Called Strike
1-1: Swinging Strike
1-2: Foul Ball, location: 2F
1-2: Ball
2-2: SINGLE (Groundball, 4MD)
Todd Anderson to second
Batting: RHB Taylor Justice 0-0: Ball
1-0: Ball
2-0: Ball
3-0: Foul Ball, location: 2F
3-1: Base on Balls
Todd Anderson to third
José Velásquez to second
Batting: LHB Carlos De La Rosa 0-0: Called Strike
0-1: Ball
1-1: Ball
2-1: Fly out, F7 (Flyball, 7M)
Runner from 3rd tags up, SCORES, no throw
Batting: RHB Nick Harris 0-0: Ball
1-0: Called Strike
1-1: Called Strike
1-2: Ball
2-2: Foul Ball, location: 2F
2-2: Ball
3-2: Ground out 5-3 (Groundball, 56S)
José Velásquez to third
Taylor Justice to second
Batting: RHB Ken McDonald 0-0: Ball
1-0: SINGLE (Groundball, 6MD)
José Velásquez scores
Taylor Justice to third
Runner from 3rd tries for Home, SAFE, throw made home
Ken McDonald to second
Batting: SHB Dave Henley 0-0: Called Strike
0-1: Called Strike
0-2: Foul Ball, location: 2F
0-2: SINGLE (Line Drive, 8LS)
Ken McDonald to third
Batting: SHB Conan Hanson 0-0: Ball
1-0: Called Strike
1-1: Foul Ball, location: 2F
1-2: Foul Ball, location: 2F
1-2: Strikes out swinging
Top of the 2nd over - 3 run(s), 4 hit(s), 0 error(s), 2 left on base; Bemidji 4 - Erie 1
BOTTOM OF THE 2ND
Erie Jaxx batting - Pitching for Bemidji Benders : LHP Michael Miller
Batting: RHB Júlio Hernández 0-0: Ball
1-0: Ball
2-0: Ball
3-0: Called Strike
3-1: Foul Ball, location: 2F
3-2: Strikes out swinging
Batting: LHB Ernesto López 0-0: Swinging Strike
0-1: Called Strike
0-2: Ball
1-2: Strikes out swinging
Batting: RHB Luis Fuentes 0-0: Ball
1-0: Ground out U3 (Groundball, 3S)
Bottom of the 2nd over - 0 run(s), 0 hit(s), 0 error(s), 0 left on base; Bemidji 4 - Erie 1
TOP OF THE 3RD
Bemidji Benders batting - Pitching for Erie Jaxx : LHP Jerry Martin
Batting: RHB Ramón Padilla 0-0: Ground out 5-3 (Groundball, 56)
Batting: LHB Todd Anderson 0-0: Called Strike
0-1: Ball
1-1: Bunted foul
1-2: Ground out U3 (Groundball, 3S)
Batting: SHB José Velásquez 0-0: Foul Ball, location: 2F
0-1: Foul Ball, location: 2F
0-2: Strikes out looking
Top of the 3rd over - 0 run(s), 0 hit(s), 0 error(s), 0 left on base; Bemidji 4 - Erie 1
BOTTOM OF THE 3RD
Erie Jaxx batting - Pitching for Bemidji Benders : LHP Michael Miller
Batting: LHB Dave Cook 0-0: SINGLE (Line Drive, 56)
Batting: RHB Raúl Bruno 0-0: Ball
1-0: Foul Ball, location: 2F
1-1: Ball
2-1: Ball
3-1: Called Strike
3-2: Foul Ball, location: 2F
3-2: Strikes out swinging
Batting: LHB Ron Crawford 0-0: Ball
1-0: Called Strike
1-1: Ball
2-1: Fly out, F5 (Popup, 5SF)
Batting: LHB Mike Pearson 0-0: Ball
1-0: DOUBLE (Flyball, 89XD)
Dave Cook to third
Batting: RHB Steve Clifton 0-0: Swinging Strike
0-1: Ball
1-1: Ball
2-1: DOUBLE (Flyball, 8RM)
Dave Cook scores
Mike Pearson scores
Batting: SHB Ben Marks 0-0: SINGLE (Line Drive, 34)
Steve Clifton to third
Batting: RHB Júlio Hernández 0-0: Ball
1-0: Called Strike
1-1: Called Strike
1-2: Fly out, F8 (Flyball, 8RS)
Bottom of the 3rd over - 2 run(s), 4 hit(s), 0 error(s), 2 left on base; Bemidji 4 - Erie 3
TOP OF THE 4TH
Bemidji Benders batting - Pitching for Erie Jaxx : LHP Jerry Martin
Batting: RHB Taylor Justice 0-0: Ball
1-0: Called Strike
1-1: Ball
2-1: Ball
3-1: Base on Balls
Batting: LHB Carlos De La Rosa 0-0: Ball
1-0: Foul Ball, location: 2F
1-1: Foul Ball, location: 2F
1-2: Hit by Pitch
Taylor Justice to second
Batting: RHB Nick Harris 0-0: Ball
1-0: Called Strike
1-1: Ball
2-1: Ball
3-1: Base on Balls
Taylor Justice to third
Carlos De La Rosa to second
Pitching: LHP Francisco Rodríguez
Batting: RHB Ken McDonald 0-0: Called Strike
0-1: Ball
1-1: Ball
2-1: Foul Ball, location: 2F
2-2: Foul Ball, location: 2F
2-2: Foul Ball, location: 2F
2-2: SINGLE (Groundball, 56)
Taylor Justice scores
Carlos De La Rosa to third
Nick Harris to second
Batting: SHB Dave Henley 0-0: Foul Ball, location: 2F
0-1: Ball
1-1: Fly out, F7 (Flyball, 78M)
Runner from 3rd tags up, SCORES, no throw
Batting: SHB Conan Hanson 0-0: Called Strike
0-1: Foul Ball, location: 2F
0-2: Ball
1-2: Strikes out swinging
Batting: RHB Ramón Padilla 0-0: Ball
1-0: Fly out, F8 (Flyball, 78D)
Top of the 4th over - 2 run(s), 1 hit(s), 0 error(s), 2 left on base; Bemidji 6 - Erie 3
BOTTOM OF THE 4TH
Erie Jaxx batting - Pitching for Bemidji Benders : LHP Michael Miller
Batting: LHB Ernesto López 0-0: Fly out, F8 (Flyball, 8RD)
Batting: RHB Luis Fuentes 0-0: Ground out 4-3 (Groundball, 34S)
Batting: LHB Dave Cook 0-0: Called Strike
0-1: Foul Ball, location: 2F
0-2: Strikes out swinging
Bottom of the 4th over - 0 run(s), 0 hit(s), 0 error(s), 0 left on base; Bemidji 6 - Erie 3
TOP OF THE 5TH
Bemidji Benders batting - Pitching for Erie Jaxx : LHP Francisco Rodríguez
Batting: LHB Todd Anderson 0-0: Called Strike
0-1: Swinging Strike
0-2: Fly out, F8 (Flyball, 8RM)
Batting: SHB José Velásquez 0-0: Called Strike
0-1: Ball
1-1: Ball
2-1: Foul Ball, location: 2F
2-2: Strikes out looking
Batting: RHB Taylor Justice 0-0: Called Strike
0-1: SINGLE (Groundball, 34)
Batting: LHB Carlos De La Rosa 0-0: Ball
1-0: Called Strike
1-1: Ball
Wild Pitch!
Taylor Justice to second
2-1: Fly out, F5 (Popup, 25F)
Top of the 5th over - 0 run(s), 1 hit(s), 0 error(s), 1 left on base; Bemidji 6 - Erie 3
BOTTOM OF THE 5TH
Erie Jaxx batting - Pitching for Bemidji Benders : LHP Michael Miller
Batting: RHB Raúl Bruno 0-0: Called Strike
0-1: Ball
1-1: SINGLE (Line Drive, 89S)
Batting: LHB Ron Crawford 0-0: Ball
1-0: Called Strike
1-1: Foul Ball, location: 2F
1-2: Strikes out swinging
Batting: LHB Mike Pearson 0-0: DOUBLE (Line Drive, 4D)
Raúl Bruno to third
Batting: RHB Steve Clifton 0-0: Ball
1-0: Ball
2-0: Called Strike
2-1: Fly out, F4 (Popup, 9LS)
Batting: SHB Ben Marks 0-0: Ball
1-0: Fly out, F8 (Flyball, 8LM)
Bottom of the 5th over - 0 run(s), 2 hit(s), 0 error(s), 2 left on base; Bemidji 6 - Erie 3
TOP OF THE 6TH
Bemidji Benders batting - Pitching for Erie Jaxx : LHP Francisco Rodríguez
Batting: RHB Nick Harris 0-0: Ball
1-0: Ball
2-0: Called Strike
2-1: Foul Ball, location: 2F
2-2: Ball
3-2: Foul Ball, location: 2F
3-2: Base on Balls
Batting: RHB Ken McDonald 0-0: Foul Ball, location: 2F
0-1: Fly out, F4 (Popup, 34D)
Batting: SHB Dave Henley 0-0: Called Strike
0-1: Ball
1-1: Ball
Nick Harris steals 2nd base
2-1: Swinging Strike
2-2: Foul Ball, location: 2F
2-2: Strikes out looking
Batting: SHB Conan Hanson 0-0: Ball
1-0: Ball
2-0: Ball
3-0: Base on Balls
Batting: RHB Ramón Padilla 0-0: Swinging Strike
0-1: Ball
1-1: Ball
2-1: Called Strike
2-2: SINGLE (Line Drive, 7S)
Nick Harris to third
Conan Hanson to second
Runner from 3rd tries for Home, SAFE, no throw or cutoff
Batting: LHB Todd Anderson 0-0: Called Strike
0-1: Foul Ball, location: 2F
0-2: Ball
1-2: Ball
2-2: Foul Ball, location: 2F
2-2: SINGLE (Groundball, 34S)
Conan Hanson to third
Ramón Padilla to second
Runner from 3rd tries for Home, SAFE, no throw or cutoff
Batting: SHB José Velásquez 0-0: Called Strike
0-1: Ball
1-1: Ground out 6-3 (Groundball, 6)
Top of the 6th over - 2 run(s), 2 hit(s), 0 error(s), 2 left on base; Bemidji 8 - Erie 3
BOTTOM OF THE 6TH
Erie Jaxx batting - Pitching for Bemidji Benders : LHP Michael Miller
Batting: RHB Júlio Hernández 0-0: Ground out 6-3 (Groundball, 6)
Batting: LHB Ernesto López 0-0: Called Strike
0-1: Ball
1-1: Ball
2-1: Foul Ball, location: 2F
2-2: Ball
3-2: TRIPLE (Flyball, 89M)
Batting: RHB Luis Fuentes 0-0: Ball
1-0: Foul Ball, location: 2F
1-1: Ball
2-1: Swinging Strike
2-2: Ball
3-2: Strikes out swinging
Pitching: RHP Ambrose Palmer
Batting: LHB Dave Cook 0-0: Foul Ball, location: 2F
0-1: Called Strike
0-2: Ball
1-2: Ground out U3 (Groundball, 3L)
Bottom of the 6th over - 0 run(s), 1 hit(s), 0 error(s), 1 left on base; Bemidji 8 - Erie 3
TOP OF THE 7TH
Bemidji Benders batting - Pitching for Erie Jaxx : LHP Francisco Rodríguez
Pitching: RHP Bartho Manshert
Batting: RHB Taylor Justice 0-0: Swinging Strike
0-1: Ball
1-1: Ball
2-1: Ground out 5-3 (Groundball, 56)
Batting: LHB Carlos De La Rosa 0-0: Ball
1-0: Called Strike
1-1: Called Strike
1-2: Ball
2-2: Ball
3-2: Ground out 4-3 (Groundball, 4)
Batting: RHB Nick Harris 0-0: Ball
1-0: Called Strike
1-1: Foul Ball, location: 2F
1-2: Ball
2-2: Foul Ball, location: 2F
2-2: Ball
3-2: Strikes out swinging
Top of the 7th over - 0 run(s), 0 hit(s), 0 error(s), 0 left on base; Bemidji 8 - Erie 3
BOTTOM OF THE 7TH
Erie Jaxx batting - Pitching for Bemidji Benders : RHP Ambrose Palmer
Batting: RHB Raúl Bruno 0-0: Ball
1-0: Swinging Strike
1-1: Ball
2-1: Ball
3-1: Base on Balls
Batting: LHB Ron Crawford 0-0: Ball
1-0: Foul Ball, location: 2F
1-1: Ball
2-1: SINGLE (Flyball, 78S)
Raúl Bruno to second
Batting: LHB Mike Pearson 0-0: Swinging Strike
0-1: Foul Ball, location: 2F
0-2: Ball
1-2: Strikes out looking
Batting: RHB Steve Clifton 0-0: Fly out, F8 (Flyball, 8RM)
Batting: SHB Ben Marks 0-0: Ball
1-0: Called Strike
1-1: SINGLE (Groundball, 34D)
Raúl Bruno to third
Ron Crawford to second
Runner from 3rd tries for Home, SAFE, no throw or cutoff
Batting: RHB Júlio Hernández 0-0: Fly out, F8 (Flyball, 8RM)
Bottom of the 7th over - 1 run(s), 2 hit(s), 0 error(s), 2 left on base; Bemidji 8 - Erie 4
TOP OF THE 8TH
Bemidji Benders batting - Pitching for Erie Jaxx : RHP Bartho Manshert
Batting: RHB Ken McDonald 0-0: SINGLE (Line Drive, 7LM)
Batting: SHB Dave Henley 0-0: Called Strike
0-1: Fly out, F8 (Flyball, 8LD)
Batting: SHB Conan Hanson 0-0: Ball
1-0: Ball
Passed Ball!
Ken McDonald to second
2-0: Ball
3-0: Called Strike
3-1: Base on Balls
Batting: RHB Ramón Padilla 0-0: Called Strike
0-1: Grounds into double play, 6-4-3 (Groundball, 6)
Top of the 8th over - 0 run(s), 1 hit(s), 0 error(s), 1 left on base; Bemidji 8 - Erie 4
BOTTOM OF THE 8TH
Erie Jaxx batting - Pitching for Bemidji Benders : RHP Ambrose Palmer
Batting: LHB Ernesto López 0-0: Foul Ball, location: 2F
0-1: Ball
1-1: Ball
2-1: Foul Ball, location: 2F
2-2: Foul Ball, location: 2F
2-2: Ball
3-2: Ground out 3-1 (Groundball, 34)
Pitching: RHP Tom Fisher
Batting: RHB Luis Fuentes 0-0: Ground out 5-3 (Groundball, 56S)
Batting: LHB Dave Cook 0-0: Ball
1-0: Ball
2-0: Ball
3-0: Base on Balls
Batting: RHB Raúl Bruno 0-0: Swinging Strike
0-1: SINGLE (Groundball, 56D) (infield hit)
Dave Cook to second
Pitching: LHP José Travez
Batting: LHB Ron Crawford 0-0: Foul Ball, location: 2F
0-1: Swinging Strike
0-2: Foul Ball, location: 2F
0-2: Ball
1-2: Ball
2-2: Strikes out swinging
Bottom of the 8th over - 0 run(s), 1 hit(s), 0 error(s), 2 left on base; Bemidji 8 - Erie 4
TOP OF THE 9TH
Bemidji Benders batting - Pitching for Erie Jaxx : RHP Bartho Manshert
Batting: LHB Todd Anderson 0-0: Foul Ball, location: 2F
0-1: Ball
1-1: Ball
2-1: Called Strike
2-2: Foul Ball, location: 2F
2-2: Ball
3-2: Foul Ball, location: 2F
3-2: Ground out 4-3 (Groundball, 4S)
Batting: SHB José Velásquez 0-0: Ball
1-0: Called Strike
1-1: Ball
2-1: SINGLE (Flyball, 9S)
Batting: RHB Taylor Justice 0-0: Called Strike
0-1: Ball
1-1: Grounds into double play, 4-6-3 (Groundball, 34)
Top of the 9th over - 0 run(s), 1 hit(s), 0 error(s), 0 left on base; Bemidji 8 - Erie 4
BOTTOM OF THE 9TH
Erie Jaxx batting - Pitching for Bemidji Benders : LHP José Travez
Batting: LHB Mike Pearson 0-0: Ground out 4-3 (Groundball, 4)
Batting: RHB Steve Clifton 0-0: Called Strike
0-1: Ball
1-1: Foul Ball, location: 2F
1-2: Foul Ball, location: 2F
1-2: Ball
2-2: Ground out 5-3 (Groundball, 5)
Batting: SHB Ben Marks 0-0: Ball
1-0: Foul Ball, location: 2F
1-1: Swinging Strike
1-2: Strikes out looking
Bottom of the 9th over - 0 run(s), 0 hit(s), 0 error(s), 0 left on base; Bemidji 8 - Erie 4
This league is powered by Out of the Park Baseball, the baseball management simulation game for PC, Mac and Linux
Tuesday, August 2nd, 2016 - OOTP Baseball 16.8 Build 38